 Dungeon Crawl Stone Soup version 0.30-a0-465-g8901f6c8b5 (webtiles) character file.

Game seed: 2329658278190091853

39090 Sabo the Basher (level 13, -2/118 HPs)
             Began as an Armataur Fighter on Dec 17, 2022.
             Was the Champion of Elyvilon.
             Slain by a shadow wraith (6 damage)
             ... on level 15 of the Dungeon.
             The game lasted 01:26:09 (17353 turns).

Sabo the Basher (Armataur Fighter)                 Turns: 17353, Time: 01:26:09

Health: -2/118     AC: 25    Str: 34    XL:     13   Next: 67%
Magic:  13/13      EV:  7    Int:  8    God:    Elyvilon [******]
Gold:   158        SH: 20    Dex: 11    Spells: 12/12 levels left

rFire   + . .      SeeInvis .    A - +9 morningstar of the Sun {distort, Str+5}
rCold   + . .      Faith    .    J - +0 tower shield
rNeg    + . .      Spirit   .    E - +0 acid dragon scales
rPois   +          Reflect  +    e - +0 helmet
rElec   .          Harm     .    r - +2 cloak
rCorr   +          Roll     +    P - +2 pair of gloves {Str+3}
Will    .....                    M - +2 barding {rC+}
Stlth   ++++......               w - amulet of reflection
HPRegen 0.39/turn                I - ring of positive energy
MPRegen 0.13/turn                x - ring of Likeywup {rPois rF+ Stlth+}

@: mighty, slowed, very slow
A: large, rugged brown scales 3, deformed body, armoured tail, roll, long
tongue, awkward tongue
a: Renounce Religion, Purification, Heal Other, Heal Self, Divine Vigour


You were on level 15 of the Dungeon.
You worshipped Elyvilon.
Elyvilon was exalted by your worship.
You visited 1 branch of the dungeon, and saw 15 of its levels.

You collected 1058 gold pieces.
You spent 900 gold pieces at shops.

Inventory:

Hand Weapons
 j - a +0 longbow
 n - a +2 battleaxe of venom
 o - a +2 glaive of venom
 q - a +2 long sword of holy wrath
 t - a +3 long sword of flaming
 u - the +10 great sword "Hydraslayer" {speed, Int+3}
   (You found it on level 14 of the Dungeon)

   Attacks with this weapon are significantly faster.
   Int:       It affects your intelligence (+3).
 v - a +0 arbalest
 A - the +9 morningstar of the Sun (weapon) {distort, Str+5}
   (You found it on level 7 of the Dungeon)

   It warps and distorts space around it, and may blink, banish, or inflict
   extra damage upon those it strikes.
   Unwielding it can cause banishment or teleport you to foes.
   Str:       It affects your strength (+5).
Missiles
 K - 2 javelins
 L - 7 poisoned darts (quivered)
Armour
 e - a +0 helmet (worn)
 r - a +2 cloak (worn)
 B - a scarf of repulsion
 E - +0 acid dragon scales (worn)
 J - a +0 tower shield (worn)
 M - a +2 barding of cold resistance (worn)
 P - a +2 pair of gloves of strength (worn)
Jewellery
 h - a ring of resist corrosion
 w - an amulet of reflection (around neck)
 x - the ring of Likeywup (right hand) {rPois rF+ Stlth+}
   (You acquired it on level 6 of the Dungeon)

   [ring of protection from fire]

   rF:        It protects you from fire.
   rPois:     It protects you from poison.
   Stlth:     It makes you more stealthy.
 I - a ring of positive energy (left hand)
Wands
 a - a wand of digging (8)
 m - a wand of polymorph (5)
 s - a wand of light (10)
 D - a wand of mindburst (1)
Scrolls
 b - 6 scrolls of fog
 i - 3 scrolls of magic mapping
 l - a scroll of silence
 y - a scroll of summoning
 C - a scroll of fear
 F - a scroll of blinking
 H - 2 scrolls of teleportation
Potions
 d - a potion of might
 f - 2 potions of curing {unknown}
 g - a potion of heal wounds
 k - 3 potions of berserk rage
 p - a potion of magic {unknown}
 z - 2 potions of resistance {unknown}
 G - a potion of flight {unknown}
Miscellaneous
 O - a tin of tremorstones (2/2)


   Skills:
 + Level 9.6 Fighting
 + Level 4.9 Long Blades
 + Level 4.9(9.0) Axes
 + Level 12.7(13.1) Maces & Flails
 + Level 1.1 Throwing
 + Level 10.8 Armour
 + Level 5.1 Dodging
 + Level 6.1 Stealth
 + Level 10.4 Shields
 + Level 1.1 Invocations


You had 12 spell levels left.
You didn't know any spells.
Your spell library contained the following spells:

 Spells                   Type           Power      Damage    Failure   Level
 Cigotuvi's Dreadful Rot  Necr/Pois/Air  0%         N/A       96%         2
 Poisonous Vapours        Pois/Air       0%         N/A       96%         2
 Sublimation of Blood     Necr           0%         N/A       96%         2
 Wereblood                Tmut           0%         N/A       96%         2
 Gell's Gravitas          Tloc           0%         N/A       99%         3
 Lesser Beckoning         Tloc           0%         N/A       99%         3
 Mephitic Cloud           Conj/Pois/Air  0%         N/A       99%         3
 Teleport Other           Tloc           0%         N/A       99%         3
 Summon Hydra             Summ           0%         N/A       100%        7


Dungeon Overview and Level Annotations

Branches:
Dungeon (15/15)            Temple (0/1) D:5            Lair (0/5) D:10
    Orc (0/2) D:12         Vaults (0/5) D:14
 Depths: D:15

Altars:
Ashenzari
Dithmenos
Elyvilon
Gozag
Nemelex Xobeh
Okawaru
Qazlal
Sif Muna
Vehumet
Wu Jian
The Shining One

Shops:
D:5 **   D:9 :[[!?


Innate Abilities, Weirdness & Mutations

You are completely covered in rugged brown scales. (AC +3, +7% HP)
Armour fits poorly on your strangely shaped body.
You have a long armoured tail.
You roll when moving toward enemies. (Rampage)
Your long tongue fully drains potion bottles. (2x potion effects)
Your tongue gives you trouble enunciating. (1.5x scroll delay)


Message History

You sock the cyan ugly thing!
Space warps around the cyan ugly thing.
The cyan ugly thing is heavily wounded.
Something hits you!
* * * LOW HITPOINT WARNING * * *
You block the cyan ugly thing's attack. Something hits you.
* * * LOW HITPOINT WARNING * * *
You impale the cyan ugly thing!! You tail-slap the cyan ugly thing!
The cyan ugly thing is almost dead.
The cyan ugly thing blinks!
Something hits you.
* * * LOW HITPOINT WARNING * * *
You barely miss something. Something hits you.
* * * LOW HITPOINT WARNING * * *
Something drains your vigour!
You feel as though you will be slow longer.
Something hits you but does no damage.
You roll towards the cyan ugly thing!
The cyan ugly thing tail-slaps you but does no damage.
You closely miss the cyan ugly thing. You tail-slap the cyan ugly thing!
The cyan ugly thing is almost dead.
You block the cyan ugly thing's attack. x2
Something hits you but does no damage.
You bludgeon the cyan ugly thing!!
You kill the cyan ugly thing!
Something hits you but does no damage.
You bludgeon something!!
Your tail-slap misses something.
Items here: )))).
Something completely misses you. Something hits you!
Elyvilon protects you from harm! Something drains your vigour!
You feel as though you will be slow longer.
There is an open door, spattered with blood here.
You block something's attack.
Things that are here:
a +0 whip; a +0 robe You block something's attack.
Something hits you.
* * * LOW HITPOINT WARNING * * *
Something drains your vigour!
You feel as though you will be slow longer.
Something hits you.
You die...

...........
..........
..........
#####.........
#...#.........
#...#......:.. .
#..@#†........ ...
#..){)........
.....##)##.........
.......<...........
...................
...................
...................
...................
..........#####....


There were no monsters in sight!

Vanquished Creatures
  Gastronok (D:8)
  Snorg (D:12)
  3 hydras (D:13)
  An ogre mage (D:15)
  2 boulder beetles (D:13)
  3 centaur warriors
  A vault guard (D:14)
  5 two-headed ogres
  4 skeletal warriors (D:14)
  Lodul (D:12)
  A wizard (D:14)
  6 ugly things
  3 deep elf pyromancers
  6 manticores
  2 cyclopes
  2 gargoyles
  2 komodo dragons
  A kobold demonologist (D:12)
  2 tengu conjurers (D:14)
  A freezing wraith (D:14)
  4 trolls
  A hornet (shapeshifter) (D:13)
  Grinder (D:5)
  3 hornets (D:10)
  A spriggan (shapeshifter) (D:15)
  2 wyverns
  15 yaks
  3 wraiths
  A vampire (D:9)
  A steam dragon (D:9)
  8 humans (D:14)
  4 vampire mosquitoes
  3 water moccasins
  3 acid dragons
  3 ice beasts
  5 black bears
  2 orc warriors
  A sky beast (D:6)
  9 ogres
  A phantom (D:4)
  9 centaurs
  A kobold brigand (D:11)
  Blork the orc (D:5)
  4 bullfrogs
  A necrophage (D:7)
  14 killer bees
  3 howler monkeys
  2 jellies (D:2)
  6 orc priests
  A hound (D:6)
  3 iguanas
  18 orc wizards
  6 adders
  2 worms (D:2)
  A dart slug (D:5)
  41 orcs
  2 ball pythons
  5 bats
  16 endoplasms
  A giant cockroach (D:4)
  A goblin (D:3)
  3 hobgoblins
  5 jackals (D:2)
  15 kobolds
  4 quokkas
  2 frilled lizards (D:2)
  24 rats
310 creatures vanquished.

Vanquished Creatures (others)
  A human (D:14)
  A centaur (D:13)
  An orc wizard (D:9)
  A dart slug (D:5)
  50 fungi
  47 plants (D:10)
  10 toadstools (D:2)
111 creatures vanquished.

Grand Total: 421 creatures vanquished

Notes
Turn   | Place    | Note
-------+----------+-------------------------------------------
     0 | D:1      | Sabo the Armataur Fighter began the quest for the Orb.
     0 | D:1      | Reached XP level 1. HP: 19/19 MP: 1/1
   749 | D:1      | Found a faded altar of an unknown god.
   761 | D:1      | Prayed at the altar of an unknown god.
   761 | D:1      | Became a worshipper of Elyvilon the Healer
   761 | D:1      | Reached * piety under Elyvilon
   947 | D:2      | Reached XP level 2. HP: 19/26 MP: 2/2
  1193 | D:2      | Reached XP level 3. HP: 28/32 MP: 3/3
  1351 | D:2      | Reached XP level 4. HP: 35/39 MP: 4/4
  1915 | D:2      | Reached ** piety under Elyvilon
  2206 | D:3      | Reached XP level 5. HP: 42/48 MP: 5/5
  2218 | D:3      | Reached skill level 5 in Armour
  2552 | D:3      | Found an opulent altar of Gozag.
  3112 | D:4      | Found a radiant altar of Vehumet.
  3146 | D:4      | Noticed a phantom
  3166 | D:4      | Killed a phantom
  3167 | D:4      | Reached XP level 6. HP: 42/54 MP: 6/6
  3259 | D:4      | Reached *** piety under Elyvilon
  4348 | D:5      | Entered Level 5 of the Dungeon
  4359 | D:5      | Noticed Blork the orc
  4367 | D:5      | Killed Blork the orc
  4565 | D:5      | Reached XP level 7. HP: 57/60 MP: 7/7
  4629 | D:5      | Found Giusar's Specific Store.
  4631 | D:5      | Found Wynaikad's General Store.
  4733 | D:5      | Reached **** piety under Elyvilon
  4786 | D:5      | Reached skill level 1 in Long Blades
  4938 | D:5      | Found a staircase to the Ecumenical Temple.
  5090 | D:5      | Noticed Grinder
  5097 | D:5      | Paralysed by Grinder for 5 turns
  5107 | D:5      | Paralysed by Grinder for 3 turns
  5113 | D:5      | Paralysed by Grinder for 2 turns
  5134 | D:5      | Killed Grinder
  5487 | D:6      | Found a stormy altar of Qazlal.
  5984 | D:6      | Reached XP level 8. HP: 63/70 MP: 8/8
  6404 | D:6      | Reached skill level 1 in Stealth
  6523 | D:6      | Identified a scroll of acquirement
  6524 | D:6      | Acquired the ring of Likeywup {rPois rF+ Stlth+}
  7316 | D:7      | Identified the +9 morningstar of the Sun {distort, Str+5}
  7361 | D:7      | Reached ***** piety under Elyvilon
  7962 | D:8      | Reached skill level 1 in Maces & Flails
  7962 | D:8      | Reached XP level 9. HP: 78/78 MP: 9/9
  7972 | D:8      | Noticed Gastronok
  7987 | D:8      | HP: 3/78 [Gastronok/the air (34)]
  7988 | D:8      | Elyvilon protects you from harm!
  7996 | D:8      | Killed Gastronok
  7997 | D:8      | Reached skill level 5 in Fighting
  7997 | D:8      | Reached skill level 3 in Maces & Flails
  7997 | D:8      | Reached skill level 1 in Dodging
  7997 | D:8      | Reached skill level 5 in Shields
  8251 | D:8      | Reached skill level 4 in Maces & Flails
  8317 | D:8      | Noticed a manticore
  8326 | D:8      | Killed a manticore
  8327 | D:8      | Reached skill level 5 in Maces & Flails
  8327 | D:8      | Reached XP level 10. HP: 67/88 MP: 10/10
  8374 | D:8      | Reached skill level 1 in Invocations
  8625 | D:8      | Found an iron altar of Okawaru.
  8629 | D:8      | Found an ornate altar of the Wu Jian Council.
  8636 | D:8      | Found a glowing golden altar of the Shining One.
  8637 | D:8      | Found a sparkling altar of Nemelex Xobeh.
  8646 | D:8      | Found a shimmering blue altar of Sif Muna.
  9132 | D:9      | Reached skill level 6 in Maces & Flails
  9372 | D:9      | Found Diclirov's Magic Scroll Shop.
  9379 | D:9      | Bought a scroll of identify for 26 gold pieces
  9458 | D:9      | Found Nuhagh's Armour Shop.
  9468 | D:9      | Found a shadowy altar of Dithmenos.
  9716 | D:9      | Found Olidon's Book Shop.
  9716 | D:9      | Noticed a two-headed ogre
  9724 | D:9      | Killed a two-headed ogre
  9725 | D:9      | Reached skill level 7 in Maces & Flails
  9725 | D:9      | Reached skill level 10 in Armour
  9804 | D:9      | Found Boryl's Distillery.
  9814 | D:9      | Bought a potion of heal wounds for 75 gold pieces
 10099 | D:9      | Found Socian's Armour Emporium.
 10181 | D:10     | Entered Level 10 of the Dungeon
 10310 | D:10     | Found a broken altar of Ashenzari.
 10403 | D:10     | Reached XP level 11. HP: 79/97 MP: 11/11
 10661 | D:10     | Found a staircase to the Lair.
 10908 | D:10     | Noticed a two-headed ogre
 10915 | D:10     | Killed a two-headed ogre
 10916 | D:10     | Reached skill level 8 in Maces & Flails
 11977 | D:11     | Reached skill level 9 in Maces & Flails
 12616 | D:9      | Bought a +2 barding of cold resistance for 520 gold pieces
 12743 | D:12     | Reached ****** piety under Elyvilon
 12950 | D:12     | Noticed Lodul
 12971 | D:12     | Killed Lodul
 12983 | D:12     | Reached XP level 12. HP: 59/108 MP: 12/12
 13154 | D:12     | Reached skill level 10 in Maces & Flails
 13477 | D:12     | Noticed Snorg
 13486 | D:12     | Noticed a two-headed ogre
 13492 | D:12     | Killed a two-headed ogre
 13505 | D:12     | Elyvilon protects you from harm!
 13509 | D:12     | Killed Snorg
 13710 | D:12     | Found a staircase to the Orcish Mines.
 14429 | D:9      | Bought a +2 pair of gloves of strength for 279 gold pieces
 14585 | D:13     | Noticed a centaur warrior
 14591 | D:13     | Killed a centaur warrior
 14781 | D:13     | Noticed a five-headed hydra
 14790 | D:13     | Killed a five-headed hydra
 14836 | D:13     | Reached skill level 5 in Stealth
 14859 | D:13     | Noticed a four-headed hydra
 14866 | D:13     | Killed a four-headed hydra
 14867 | D:13     | Reached skill level 11 in Maces & Flails
 14947 | D:13     | Noticed a six-headed hydra
 14953 | D:13     | Killed a six-headed hydra
 14954 | D:13     | Reached skill level 1 in Throwing
 15160 | D:13     | Noticed a boulder beetle
 15173 | D:13     | Killed a boulder beetle
 15364 | D:13     | Noticed a boulder beetle
 15376 | D:13     | Killed a boulder beetle
 15698 | D:14     | Noticed a centaur warrior
 15704 | D:14     | Killed a centaur warrior
 15854 | D:14     | Reached XP level 13. HP: 68/117 MP: 13/13
 16471 | D:14     | Reached skill level 12 in Maces & Flails
 16725 | D:14     | Found a gate to the Vaults.
 16740 | D:14     | Identified the +10 great sword "Hydraslayer" {speed, Int+3}
 17285 | D:15     | Entered Level 15 of the Dungeon
 17314 | D:15     | Reached skill level 10 in Shields
 17325 | D:15     | HP: 5/118 [two-headed ogre/+0 giant club (12)]
 17330 | D:15     | Reached skill level 5 in Dodging
 17343 | D:15     | HP: 5/118 [something (5)]
 17344 | D:15     | HP: 1/118 [something (4)]
 17350 | D:15     | Elyvilon protects you from harm!
 17352 | D:15     | HP: 4/118 [something (2)]
 17353 | D:15     | Slain by a shadow wraith

Illustrated notes

Levels and vault maps discovered:
D:1:      nagdon_arrival_zigzag_paths, layout_basic,
          hellmonk_ecumenical_altar_inner_sanctum, minmay_misc_feat_diagonals,
          corner_web_ring, feat_on_display
D:2:      cheibrodos_fertilizer, layout_loops_cross
D:3:      layout_basic, grunt_gozag_statues, minmay_rat_hole
D:4:      layout_basic, nicolae_vehumet_altar_sigil, chequers_avenue
D:5:      layout_cave_pools, minmay_temple_entry_wispy, nicolae_specific_store,
          minmay_misc_feat_secret_circle, uniq_blork_the_orc, uniq_grinder
D:6:      layout_basic, mainiacjoe_overflow_alcove_4
D:7:      layout_basic
D:8:      layout_basic, nicolae_overflow_hallway_of_the_gods, minmay_between,
          uniq_gastronok
D:9:      layout_roguey, nicolae_dithmenos_shadow_blocks, serial_shops, shop,
          kennysheep_mini, shop, nicolae_diamond_shop, nicolae_diamond_shop
D:10:     layout_loops_cross, general_overflow_altar,
          due_lair_maze_entry_diamond
D:11:     layout_loops_ring
D:12:     layout_layer_cave, orc_0_dummy, nicolae_wwwww, uniq_snorg, uniq_lodul
D:13:     layout_roguey
D:14:     layout_loops_ring, ximxim_vaults_locker_room, minmay_misc_feat_iff
D:15:     grunt_enter_depths_snipers, layout_gridville, serial_shops,
          nicolae_shop_stone, hangedman_decor_growths,
          nicolae_shop_i_like_big_books, slow_altar_1

Skill      XL: |  1  2  3  4  5  6  7  8  9 10 11 12 13 |
---------------+----------------------------------------+-----
Armour         | 4 5 6 7 8 9 10 | 10.8
Axes           | 2 3 4 |  4.9
Fighting       | 3 4 5 6 7 8 9 |  9.6
Long Blades    | 2 4 |  4.9
Shields        | 4 5 7 8 9 10 | 10.4
Stealth        | 1 2 4 5 6 |  6.1
Maces & Flails | 1 5 7 9 11 12 | 12.7
Dodging        | 1 2 4 5 |  5.1
Invocations    | 1 |  1.1
Throwing       | 1 |  1.1

Action                   |  1- 3 |  4- 6 |  7- 9 | 10-12 | 13-15 || total
-------------------------+-------+-------+-------+-------+-------++-------
Melee: War axe           |    49 |   174 |       |       |       ||   223
       Tailslap          |     4 |    21 |    18 |    43 |    16 ||   102
       Long sword        |       |    16 |   111 |       |       ||   127
       Morningstar       |       |       |    50 |   403 |   119 ||   572
Throw: Dart              |       |       |     2 |     1 |       ||     3
       Javelin           |       |       |       |     2 |       ||     2
Invok: Heal Self         |       |       |     1 |       |       ||     1
  Use: Scroll            |     3 |     4 |     5 |     9 |     1 ||    22
       Potion            |       |     1 |     1 |     5 |     4 ||    11
 Stab: Sleeping          |       |       |       |    12 |     1 ||    13
Armor: Chain mail        |    42 |   128 |   100 |    39 |       ||   309
       Scale mail        |     4 |       |       |       |       ||     4
       Acid dragon scale |       |       |       |   179 |    65 ||   244
Dodge: Dodged            |    13 |    38 |    40 |   142 |    31 ||   264
Block: Buckler           |    15 |    40 |    68 |   214 |    28 ||   365
       Reflection        |       |       |     7 |    13 |     1 ||    21
       Tower shield      |       |       |       |       |    71 ||    71

Table legend: (Time is in decaauts)
 A = Elapsed time spent in this place.
 B = Non-inter-level travel time spent in this place.
 C = Inter-level travel time spent in this place.
 D = Time resting spent in this place.
 E = Time spent auto-exploring this place.
 F = Levels seen in this place.
 G = Mean time per level.
                   A        B        C        D        E       F      G
               +--------+--------+--------+--------+--------+-----+--------+
         Total |  17559 |  17559 |      0 |   4591 |      0 |  15 | 1170.6 |
       Dungeon |  17559 |  17559 |      0 |   4591 |      0 |  15 | 1170.6 |
               +--------+--------+--------+--------+--------+-----+--------+

Top non-repeatable levels by time:
    D:14: 1728 daAuts
     D:6: 1607 daAuts
     D:8: 1512 daAuts
    D:12: 1426 daAuts
    D:11: 1418 daAuts
     D:2: 1341 daAuts
    D:10: 1286 daAuts
     D:4: 1276 daAuts
     D:9: 1229 daAuts
    D:13: 1145 daAuts
     D:5: 1137 daAuts
     D:3: 922 daAuts
     D:1: 889 daAuts
     D:7: 560 daAuts
    D:15: 76 daAuts
